| TOP OF THE 1ST |
|
Chicago White Sox batting - Pitching for Kansas City Royals : LHP Colin Rodgers
|
|
Pitching: LHP Colin Rodgers
|
|
|
Batting: RHB Glen Wilkins
|
0-0: Ball 1-0: Called Strike 1-1: Ball 2-1: Ground out 6-3 (Groundball, 6M, EV 78.8 MPH)
|
|
Batting: RHB Yeltsin Gudino
|
0-0: Called Strike 0-1: Ground out 5-3 (Groundball, 56, EV 101.9 MPH)
|
|
Batting: RHB Joshua Lopez
|
0-0: Foul Ball, location: 9LSF 0-1: Ball 1-1: Swinging Strike 1-2: Foul Ball, location: 2F 1-2: Ball 2-2: Ball 3-2: Base on Balls
|
|
Batting: RHB Byron Buxton
|
0-0: Called Strike 0-1: Ball 1-1: Ball 2-1: Ball 3-1: Foul Ball, location: 2F 3-2: SINGLE (Groundball, 4MD, EV 98.1 MPH) Joshua Lopez to second Joshua Lopez to third
|
|
Batting: LHB Ji-man Choi
|
0-0: Ball 1-0: Ball 2-0: Foul Ball, location: 7LSF 2-1: Called Strike 2-2: Ball Wild Pitch! Joshua Lopez scores Byron Buxton to second 3-2: SINGLE (Groundball, 34D, EV 98.8 MPH) Byron Buxton to third Runner from 3rd tries for Home, SAFE, throw by RF to home
|
|
Batting: RHB Wes Stevens
|
0-0: Called Strike 0-1: Foul Ball, location: 2F 0-2: SINGLE (Groundball, 34, EV 103.8 MPH) (infield hit) Ji-man Choi to second
|
|
Batting: RHB Alfredo Martínez
|
0-0: Swinging Strike 0-1: Foul Ball, location: 9LMF 0-2: Ball 1-2: Strikes out swinging
|
| Top of the 1st over - 2 runs, 3 hits, 0 errors, 2 left on base; Chicago 2 - Kansas City 0 |
| BOTTOM OF THE 1ST |
|
Kansas City Royals batting - Pitching for Chicago White Sox : LHP Mike Kelly
|
|
Pitching: LHP Mike Kelly
|
|
|
Batting: RHB Jesús Martínez
|
0-0: Called Strike 0-1: Ball 1-1: Ground out 6-3 (Groundball, 6, EV 80.6 MPH)
|
|
Batting: RHB Josh Sargent
|
0-0: Ball 1-0: Foul Ball, location: 2F 1-1: Foul Ball, location: 23F 1-2: Ground out 5-3 (Groundball, 56, EV 101.3 MPH)
|
|
Batting: RHB Dave García
|
0-0: Foul Ball, location: 5F 0-1: Swinging Strike 0-2: Ball 1-2: Strikes out swinging
|
| Bottom of the 1st over - 0 runs, 0 hits, 0 errors, 0 left on base; Chicago 2 - Kansas City 0 |
| TOP OF THE 2ND |
|
Chicago White Sox batting - Pitching for Kansas City Royals : LHP Colin Rodgers
|
|
Batting: LHB Jace Peterson
|
0-0: Called Strike 0-1: SINGLE (Line Drive, 8LS, EV 110.0 MPH)
|
|
Batting: LHB António García
|
0-0: Ball 1-0: Foul Ball, location: 23F 1-1: Called Strike 1-2: Ball 2-2: Foul Ball, location: 25FF 2-2: Foul Ball, location: 7LMF 2-2: Ball 3-2: Base on Balls Jace Peterson to second
|
|
Batting: RHB Glen Wilkins
|
0-0: Bunt missed! 0-1: Ball 1-1: Bunted foul 1-2: Strikes out swinging
|
|
Batting: RHB Yeltsin Gudino
|
0-0: Reached on error, E1 (Groundball, 34S, EV 73.1 MPH) Jace Peterson to third António García to second
|
|
Batting: RHB Joshua Lopez
|
Balk! Jace Peterson scores António García to third Yeltsin Gudino to second 0-0: Foul Ball, location: 2F 0-1: Ball 1-1: SINGLE (Groundball, 56D, EV 100.0 MPH) António García scores Yeltsin Gudino to third Runner from 3rd tries for Home, SAFE, throw by LF to home
|
|
Batting: RHB Byron Buxton
|
0-0: Ball 1-0: DOUBLE (Flyball, 8RXD, EV 107.5 MPH) Joshua Lopez to third
|
|
Batting: LHB Ji-man Choi
|
0-0: Ball 1-0: Foul Ball, location: 5F 1-1: Fly out, F9 (Flyball, 9, EV 93.8 MPH) Runner from 3rd tags up, SCORES, no throw by RF
|
|
Batting: RHB Wes Stevens
|
0-0: Called Strike 0-1: Ball 1-1: Ball 2-1: Ball 3-1: DOUBLE (Flyball, 8RXD, EV 110.6 MPH) Byron Buxton scores
|
|
Pitching: RHP Miguel Medrano
|
|
|
Batting: RHB Alfredo Martínez
|
0-0: Ball 1-0: Foul Ball, location: 23F 1-1: Called Strike 1-2: Foul Ball, location: 3FF 1-2: Ground out 4-3 (Groundball, 4, EV 109.4 MPH)
|
| Top of the 2nd over - 5 runs, 4 hits, 1 error, 1 left on base; Chicago 7 - Kansas City 0 |
| BOTTOM OF THE 2ND |
|
Kansas City Royals batting - Pitching for Chicago White Sox : LHP Mike Kelly
|
|
Batting: RHB Joe Washington
|
0-0: Called Strike 0-1: Swinging Strike 0-2: Ball 1-2: Strikes out looking
|
|
Batting: RHB Jorge Palmeiro
|
0-0: Called Strike 0-1: Foul Ball, location: 5FF 0-2: Foul Ball, location: 9LDF 0-2: Ball 1-2: Fly out, F9 (Flyball, 9S, EV 98.8 MPH)
|
|
Batting: SHB Raul Mondesi
|
0-0: Ball 1-0: Swinging Strike 1-1: Ball 2-1: Fly out, F8 (Line Drive, 8RS, EV 101.9 MPH)
|
| Bottom of the 2nd over - 0 runs, 0 hits, 0 errors, 0 left on base; Chicago 7 - Kansas City 0 |
| TOP OF THE 3RD |
|
Chicago White Sox batting - Pitching for Kansas City Royals : RHP Miguel Medrano
|
|
Batting: LHB Jace Peterson
|
0-0: Foul Ball, location: 2F 0-1: Foul Ball, location: 7LMF 0-2: Ground out 4-3 (Groundball, 4S, EV 65.6 MPH)
|
|
Batting: LHB António García
|
0-0: Ball 1-0: Called Strike 1-1: Ground out 6-3 (Groundball, 6, EV 85.0 MPH)
|
|
Batting: RHB Glen Wilkins
|
0-0: Foul Ball, location: 2F 0-1: Fly out, F7 (Line Drive, 7, EV 95.6 MPH)
|
| Top of the 3rd over - 0 runs, 0 hits, 0 errors, 0 left on base; Chicago 7 - Kansas City 0 |
| BOTTOM OF THE 3RD |
|
Kansas City Royals batting - Pitching for Chicago White Sox : LHP Mike Kelly
|
|
Batting: RHB Wilfredo Rodriguez
|
0-0: Called Strike 0-1: Ball 1-1: Ball 2-1: Ball 3-1: Called Strike 3-2: Foul Ball, location: 9LDF 3-2: Strikes out swinging
|
|
Batting: LHB Hervé Masson
|
0-0: Ball 1-0: Swinging Strike 1-1: Ground out 3-1 (Groundball, 34S, EV 90.0 MPH)
|
|
Batting: SHB Ismaldo Rodriguez
|
0-0: Fly out, F4 (Popup, 4D, EV 44.4 MPH)
|
| Bottom of the 3rd over - 0 runs, 0 hits, 0 errors, 0 left on base; Chicago 7 - Kansas City 0 |
| TOP OF THE 4TH |
|
Chicago White Sox batting - Pitching for Kansas City Royals : RHP Miguel Medrano
|
|
Batting: RHB Yeltsin Gudino
|
0-0: Swinging Strike 0-1: Ball 1-1: Foul Ball, location: 9LDF 1-2: Ball 2-2: Ground out 3-1 (Groundball, 34, EV 94.4 MPH)
|
|
Batting: RHB Joshua Lopez
|
0-0: Fly out, F8 (Flyball, 8LM, EV 89.4 MPH)
|
|
Batting: RHB Byron Buxton
|
0-0: Called Strike 0-1: Ground out U3 (Groundball, 34, EV 107.5 MPH)
|
| Top of the 4th over - 0 runs, 0 hits, 0 errors, 0 left on base; Chicago 7 - Kansas City 0 |
| BOTTOM OF THE 4TH |
|
Kansas City Royals batting - Pitching for Chicago White Sox : LHP Mike Kelly
|
|
Batting: RHB Jesús Martínez
|
0-0: Called Strike 0-1: Ball 1-1: Ground out 6-3 (Groundball, 6MS, EV 84.4 MPH)
|
|
Batting: RHB Josh Sargent
|
0-0: Fly out, F8 (Line Drive, 8LS, EV 94.4 MPH)
|
|
Batting: RHB Dave García
|
0-0: Ball 1-0: DOUBLE (Line Drive, 3D, EV 100.0 MPH)
|
|
Batting: RHB Joe Washington
|
0-0: Ball 1-0: Ball 2-0: Foul Ball, location: 9LDF 2-1: Foul Ball, location: 23F 2-2: Ball 3-2: Strikes out swinging, 2-3 out at first.
|
| Bottom of the 4th over - 0 runs, 1 hit, 0 errors, 1 left on base; Chicago 7 - Kansas City 0 |
| TOP OF THE 5TH |
|
Chicago White Sox batting - Pitching for Kansas City Royals : RHP Miguel Medrano
|
|
Batting: LHB Ji-man Choi
|
0-0: Ball 1-0: Called Strike 1-1: Ground out 4-3 (Groundball, 4, EV 89.4 MPH)
|
|
Batting: RHB Wes Stevens
|
0-0: Called Strike 0-1: Fly out, F7 (Flyball, 78M, EV 90.0 MPH)
|
|
Batting: RHB Alfredo Martínez
|
0-0: Called Strike 0-1: Ball 1-1: Called Strike 1-2: Foul Ball, location: 5F 1-2: Foul Ball, location: 2F 1-2: Foul Ball, location: 9LMF 1-2: Strikes out looking
|
| Top of the 5th over - 0 runs, 0 hits, 0 errors, 0 left on base; Chicago 7 - Kansas City 0 |
| BOTTOM OF THE 5TH |
|
Kansas City Royals batting - Pitching for Chicago White Sox : LHP Mike Kelly
|
|
Batting: RHB Jorge Palmeiro
|
0-0: Ground out 5-3 (Groundball, 56, EV 102.5 MPH)
|
|
Batting: SHB Raul Mondesi
|
0-0: Ground out 4-3 (Groundball, 34, EV 81.9 MPH)
|
|
Batting: RHB Wilfredo Rodriguez
|
0-0: Ground out 5-3 (Groundball, 56S, EV 78.8 MPH)
|
| Bottom of the 5th over - 0 runs, 0 hits, 0 errors, 0 left on base; Chicago 7 - Kansas City 0 |
| TOP OF THE 6TH |
|
Chicago White Sox batting - Pitching for Kansas City Royals : RHP Miguel Medrano
|
|
Pitching: RHP Jefferson Vergara
|
|
|
Batting: LHB Jace Peterson
|
0-0: Ball 1-0: Foul Ball, location: 23F 1-1: Foul Ball, location: 2F 1-2: Ball 2-2: Fly out, F9 (Flyball, 9, EV 84.4 MPH)
|
|
Batting: LHB António García
|
0-0: Called Strike 0-1: Ball 1-1: Swinging Strike 1-2: Ball 2-2: Foul Ball, location: 7LSF 2-2: Foul Ball, location: 25F 2-2: Foul Ball, location: 7LDF 2-2: Ball 3-2: Foul Ball, location: 7LSF 3-2: Hit by Pitch
|
|
Batting: RHB Glen Wilkins
|
0-0: Fielders Choice at 2nd, 2-4 (Groundball, 15S, EV 65.0 MPH)
|
|
Batting: RHB Yeltsin Gudino
|
0-0: Called Strike Glen Wilkins steals 2nd base 0-1: Swinging Strike 0-2: Foul Ball, location: 25F 0-2: Ball 1-2: Ball 2-2: Fly out, F2 (Popup, 23F, EV 85.6 MPH)
|
| Top of the 6th over - 0 runs, 0 hits, 0 errors, 1 left on base; Chicago 7 - Kansas City 0 |
| BOTTOM OF THE 6TH |
|
Kansas City Royals batting - Pitching for Chicago White Sox : LHP Mike Kelly
|
|
Batting: LHB Hervé Masson
|
0-0: Called Strike 0-1: Ball 1-1: SINGLE (Line Drive, 8RS, EV 88.1 MPH)
|
|
Batting: SHB Ismaldo Rodriguez
|
0-0: Ball 1-0: Ball 2-0: Ball 3-0: Called Strike 3-1: TRIPLE (Flyball, 78XD, EV 92.5 MPH) Hervé Masson scores
|
|
Batting: RHB Jesús Martínez
|
0-0: Ball 1-0: Swinging Strike 1-1: Ball 2-1: Swinging Strike 2-2: Ball 3-2: Strikes out swinging passed ball, reaches first! Ismaldo Rodriguez scores
|
|
Batting: RHB Josh Sargent
|
0-0: Called Strike 0-1: Called Strike Jesús Martínez steals 2nd base (no throw) 0-2: Ball 1-2: Ball 2-2: Foul Ball, location: 5F 2-2: Ball 3-2: DOUBLE (Flyball, 78D, EV 92.5 MPH) Jesús Martínez scores
|
|
Batting: RHB Dave García
|
0-0: Ball 1-0: Ground out 4-3 (Groundball, 4D, EV 103.1 MPH) Josh Sargent to third
|
|
Batting: RHB Joe Washington
|
0-0: Ball 1-0: Ball 2-0: Called Strike 2-1: Ground out 6-3 (Groundball, 6M, EV 101.9 MPH) Josh Sargent scores
|
|
Batting: RHB Jorge Palmeiro
|
0-0: SINGLE (Line Drive, 7LM, EV 90.0 MPH)
|
|
Batting: SHB Raul Mondesi
|
0-0: Ball 1-0: Foul Ball, location: 9LSFF 1-1: Ball 2-1: Ball 3-1: Foul Ball, location: 5F 3-2: Foul Ball, location: 2F 3-2: Fly out, F8 (Flyball, 8RD, EV 104.4 MPH)
|
| Bottom of the 6th over - 4 runs, 4 hits, 0 errors, 1 left on base; Chicago 7 - Kansas City 4 |
| TOP OF THE 7TH |
|
Chicago White Sox batting - Pitching for Kansas City Royals : RHP Jefferson Vergara
|
|
Batting: RHB Joshua Lopez
|
0-0: Ball 1-0: Fly out, F8 (Flyball, 8RS, EV 94.4 MPH)
|
|
Batting: RHB Byron Buxton
|
0-0: Foul Ball, location: 2F 0-1: Ball 1-1: Foul Ball, location: 3F 1-2: Ball 2-2: Strikes out swinging
|
|
Batting: LHB Ji-man Choi
|
0-0: Foul Ball, location: 3F 0-1: Ball 1-1: Ball 2-1: Called Strike 2-2: Strikes out swinging
|
| Top of the 7th over - 0 runs, 0 hits, 0 errors, 0 left on base; Chicago 7 - Kansas City 4 |
| BOTTOM OF THE 7TH |
|
Kansas City Royals batting - Pitching for Chicago White Sox : LHP Mike Kelly
|
|
Batting: RHB Wilfredo Rodriguez
|
0-0: Called Strike 0-1: Foul Ball, location: 2F 0-2: Strikes out swinging
|
|
Batting: LHB Hervé Masson
|
0-0: Fly out, F8 (Flyball, 78S, EV 76.3 MPH)
|
|
Batting: SHB Ismaldo Rodriguez
|
0-0: SINGLE (Flyball, 6MD, EV 90.6 MPH)
|
|
Batting: RHB Jesús Martínez
|
0-0: Ball 1-0: Foul Ball, location: 5FF 1-1: Swinging Strike 1-2: Strikes out looking
|
| Bottom of the 7th over - 0 runs, 1 hit, 0 errors, 1 left on base; Chicago 7 - Kansas City 4 |
| TOP OF THE 8TH |
|
Chicago White Sox batting - Pitching for Kansas City Royals : RHP Jefferson Vergara
|
|
Pitching: LHP Juan Oramas
|
|
|
Batting: RHB Wes Stevens
|
0-0: Swinging Strike 0-1: Ball 1-1: Called Strike 1-2: Strikes out swinging
|
|
Batting: RHB Alfredo Martínez
|
0-0: Ball 1-0: Ball 2-0: Ground out 6-3 (Groundball, 6, EV 84.4 MPH)
|
|
Batting: LHB Jace Peterson
|
0-0: Foul Ball, location: 7LSF 0-1: Ball 1-1: Foul Ball, location: 7LMF 1-2: Foul Ball, location: 2F 1-2: Foul Ball, location: 5F 1-2: SINGLE (Line Drive, 78S, EV 94.4 MPH)
|
|
Batting: LHB António García
|
0-0: Ball 1-0: SINGLE (Line Drive, 3D, EV 96.3 MPH) Jace Peterson to second Runner from 2nd tries for 3rd, SAFE, throw by RF made to third
|
|
Batting: RHB Glen Wilkins
|
0-0: Called Strike 0-1: Ball Wild Pitch! Jace Peterson scores António García to second 1-1: Called Strike 1-2: Ball 2-2: Ball 3-2: Ground out 6-3 (Groundball, P, EV 81.3 MPH)
|
| Top of the 8th over - 1 run, 2 hits, 0 errors, 1 left on base; Chicago 8 - Kansas City 4 |
| BOTTOM OF THE 8TH |
|
Kansas City Royals batting - Pitching for Chicago White Sox : LHP Mike Kelly
|
|
Batting: RHB Josh Sargent
|
0-0: Called Strike 0-1: Swinging Strike 0-2: Ball 1-2: Ball 2-2: Foul Ball, location: 2F 2-2: Foul Ball, location: 2F 2-2: Foul Ball, location: 25FF 2-2: Ground out 6-3 (Groundball, 6, EV 86.9 MPH)
|
|
Batting: RHB Dave García
|
0-0: Called Strike 0-1: Swinging Strike 0-2: Ball 1-2: Strikes out looking
|
|
Batting: RHB Joe Washington
|
0-0: Called Strike 0-1: Fly out, F7 (Flyball, 7, EV 100.6 MPH)
|
| Bottom of the 8th over - 0 runs, 0 hits, 0 errors, 0 left on base; Chicago 8 - Kansas City 4 |
| TOP OF THE 9TH |
|
Chicago White Sox batting - Pitching for Kansas City Royals : LHP Juan Oramas
|
|
Batting: RHB Yeltsin Gudino
|
0-0: Called Strike 0-1: Swinging Strike 0-2: Strikes out swinging
|
|
Batting: RHB Joshua Lopez
|
0-0: Swinging Strike 0-1: Ground out 5-3 (Groundball, 5, EV 89.4 MPH)
|
|
Batting: RHB Byron Buxton
|
0-0: Called Strike 0-1: Swinging Strike 0-2: Ground out 6-3 (Groundball, 6, EV 99.4 MPH)
|
| Top of the 9th over - 0 runs, 0 hits, 0 errors, 0 left on base; Chicago 8 - Kansas City 4 |
| BOTTOM OF THE 9TH |
|
Kansas City Royals batting - Pitching for Chicago White Sox : LHP Mike Kelly
|
|
Pitching: RHP Steve Peters
|
|
|
Batting: RHB Jorge Palmeiro
|
0-0: Fly out, F9 (Flyball, 9, EV 90.0 MPH)
|
|
Batting: SHB Raul Mondesi
|
0-0: Ball 1-0: Foul Ball, location: 2F 1-1: Called Strike 1-2: Ball 2-2: Ground out 6-3 (Groundball, 6, EV 81.3 MPH)
|
|
Batting: RHB Wilfredo Rodriguez
|
0-0: Fly out, F8 (Line Drive, 89D, EV 96.3 MPH)
|
| Bottom of the 9th over - 0 runs, 0 hits, 0 errors, 0 left on base; Chicago 8 - Kansas City 4 |
|